 Dungeon Crawl Stone Soup version 0.25-a0-290-g4a1327ee3a (webtiles) character file.

Game seed: 1690976838465416556, levelgen mode: classic

88 Borgoz the Cutter (level 4, 0/30 HPs)
             Began as a Halfling Gladiator on Dec 14, 2019.
             Slain by a giant cockroach (1 damage)
             ... on level 3 of the Dungeon.
             The game lasted 00:04:00 (2469 turns).

Borgoz the Cutter (Halfling Gladiator)              Turns: 2469, Time: 00:04:01

Health: 0/30       AC:  4    Str: 16    XL:     4   Next: 81%
Magic:  4/4        EV: 24    Int:  6    God:
Gold:   130        SH:  0    Dex: 20    Spells: 3/3 levels left

rFire    . . .     SeeInvis .   r - +0 short sword (freeze)
rCold    . . .     Gourm    .   (shield restricted)
rNeg     . . .     Faith    .   b - +0 leather armour
rPois    .         Spirit   .   c - +0 helmet
rElec    .         Reflect  .   (no cloak)
rCorr    .         Harm     .   (no gloves)
MR       .....                  (no boots)
Stlth    +.........             p - amulet of the acrobat
HPRegen  0.10/turn              j - +2 ring of evasion (curse)
MPRegen  0.09/turn              k - ring of attention (curse)

@: confused, agile, lethally poisoned (0 -> -4)
A: small, mutation resistance 1
a: no special abilities


You were on level 3 of the Dungeon.
You were not hungry.

You visited 1 branch of the dungeon, and saw 3 of its levels.

You collected 130 gold pieces.

Inventory:

Hand Weapons
 a - a +0 rapier
 r - a +0 short sword of freezing (weapon)
Missiles
 d - 3 throwing nets (quivered)
Armour
 b - a +0 leather armour (worn)
 c - a +0 helmet (worn)
Jewellery
 j - a cursed +2 ring of evasion (left hand)
 k - a cursed ring of attention (right hand)
 p - an amulet of the acrobat (around neck)
Scrolls
 e - a scroll of identify {unknown}
 g - 4 scrolls of teleportation {unknown}
 i - a scroll of remove curse {unknown}
 l - a scroll of magic mapping {unknown}
 n - a scroll of random uselessness {unknown}
 o - a scroll of amnesia {unknown}
Comestibles
 f - 5 rations
 s - 4 chunks of flesh


   Skills:
 + Level 2.5 Fighting
 + Level 4.4 Short Blades
 - Level 2.0 Throwing
 + Level 2.0 Armour
 + Level 4.0 Dodging


You had 3 spell levels left.
You didn't know any spells.
Your spell library was empty.

Dungeon Overview and Level Annotations

Branches:
Dungeon (3/15)

Altars:


Innate Abilities, Weirdness & Mutations

You are small and have problems with some larger weapons.
You are somewhat resistant to further mutation.


Message History

* * * LOW HITPOINT WARNING * * *
You feel sick. The giant cockroach barely misses you.
The adder closely misses you. The goblin completely misses you.
The adder completely misses you.
The giant cockroach completely misses you.
It was a potion of ambrosia.
You are confused.
You feel invigorated. The goblin misses you. The adder barely misses you.
The giant cockroach misses you.
You barely miss the goblin.
You feel sick. The goblin completely misses you. The adder bites you.
* * * LOW HITPOINT WARNING * * *
The giant cockroach closely misses you.
Unknown command.
You closely miss the adder.
The adder is almost dead.
The adder barely misses you. The goblin hits you with a +0 dagger.
* * * LOW HITPOINT WARNING * * *
The giant cockroach bites you.
You die...

#....(.....
#.....?....
#..........
#.....!.....
##.................
#...........#.......
#..g†S.....)#.......
#..@s..............
#...................
#...................
######................
#..............####...
#...........#.........
#..........##.........
#..........##..†......
#......)..............


You could see an adder, a giant cockroach and a goblin.

Vanquished Creatures
  2 adders (D:2)
  A worm (D:3)
  4 dart slugs
  3 leopard geckos
  An orc (D:3)
  3 giant cockroaches
  9 goblins
  6 hobgoblins
  5 jackals (D:1)
  5 bats
  8 kobolds
  7 rats
54 creatures vanquished.

Notes
Turn   | Place    | Note
-------+----------+-------------------------------------------
     0 | D:1      | Borgoz the Halfling Gladiator began the quest for the Orb.
     0 | D:1      | Reached XP level 1. HP: 14/14 MP: 1/1
    73 | D:1      | Reached XP level 2. HP: 18/19 MP: 2/2
   451 | D:1      | Reached skill level 1 in Armour
   595 | D:1      | Reached XP level 3. HP: 24/24 MP: 3/3
  1518 | D:2      | Reached XP level 4. HP: 29/29 MP: 4/4
  2466 | D:3      | HP: 1/30 [poisoned by an adder]
  2469 | D:3      | Slain by a giant cockroach

Levels and vault maps discovered:
D:1:      ncdulo_halloftheorcs, layout_basic
D:2:      layout_loops_cross
D:3:      layout_rooms, first_ration

Skill      XL: |  1  2  3  4 |
---------------+-------------+-----
Fighting       | 2 |  2.5
Armour         | 1 2 |  2.0
Short Blades   | 4 |  4.4
Dodging        | 4 |  4.0
Throwing       | |  2.0

Action                   |  1- 3 |  4- 6 || total
-------------------------+-------+-------++-------
Melee: Rapier            |   117 |    83 ||   200
       Short sword       |       |    19 ||    19
  Use: Potion            |       |     3 ||     3
  Eat: Chunk             |     2 |     3 ||     5
Armor: Leather armour    |    22 |    10 ||    32
Dodge: Dodged            |   106 |   108 ||   214

Table legend:
 A = Non-vault XP
 B = Vault XP
 C = Vault XP percentage of total XP
 D = Non-vault monster count
 E = Vault monster count
 F = Vault count percentage of total count
                 A         B        C        D         E       F
            +---------+---------+-------+---------+---------+-------
      Total |     126 |       0 |   0.0 |      54 |       0 |   0.0
            +---------+---------+-------+---------+---------+-------
        D:1 |      59 |       0 |   0.0 |      32 |       0 |   0.0
        D:2 |      57 |       0 |   0.0 |      18 |       0 |   0.0
        D:3 |      10 |       0 |   0.0 |       4 |       0 |   0.0
            +---------+---------+-------+---------+---------+-------
